 Dungeon Crawl Stone Soup version 0.18-a0-1628-g61c6396 (webtiles) character file.

158 syage the Shield-Bearer (level 5, -1/42 HPs)
             Began as a Formicid Fighter on Mar 25, 2016.
             Slain by an adder (2 damage)
             ... on level 3 of the Dungeon.
             The game lasted 00:11:52 (2052 turns).

syage the Shield-Bearer (Formicid Fighter)          Turns: 2052, Time: 00:11:53

Health: -1/42      AC:  7    Str: 21    XL:     5   Next: 66%
Magic:  5/5        EV:  8    Int:  8    God:
Gold:   182        SH:  9    Dex: 10    Spells: 0 memorised, 4 levels left

rFire  . . .     SeeInvis +     a - +0 war axe
rCold  . . .     Gourm    .     b - +0 scale mail
rNeg   . . .     Faith    .     c - +0 shield
rPois  .         Spirit   .     (helmet unavailable)
rElec  .         Dismiss  +     (no cloak)
rCorr  .         Reflect  .     (no gloves)
SustAt .         Harm     .     (no boots)
MR     .....                    i - amulet of dismissal
Stlth  ..........               (no ring)
                                (no ring)

@: lethally poisoned (-1 -> -21), not resistant to hostile enchantments,
extremely unstealthy
A: permanent stasis, dig shafts and tunnels, four strong arms, antennae 3
a: Dig, Shaft Self


You were on level 3 of the Dungeon.
You were not hungry.

You visited 1 branch of the dungeon, and saw 4 of its levels.

You collected 182 gold pieces.

Inventory:

Hand Weapons
 a - a +0 war axe (weapon)
 k - a +1 short sword of freezing
Armour
 b - a +0 scale mail (worn)
 c - a +0 shield (worn)
Jewellery
 i - an amulet of dismissal (around neck)
 q - an uncursed amulet of the gourmand
 r - an uncursed amulet of harm {unknown}
 t - an uncursed amulet of dismissal
Wands
 o - a wand of flame (18/48)
Scrolls
 e - a scroll of teleportation {unknown}
 g - a scroll of immolation {unknown}
 j - 2 scrolls of identify {unknown}
 s - a scroll of amnesia {unknown}
Potions
 d - a potion of might
 h - 2 potions of invisibility {unknown}
 l - a potion of flight {unknown}
 m - a potion of berserk rage {unknown}
 n - a potion of magic {unknown}
 p - a potion of heal wounds {unknown}
Comestibles
 f - 9 fruits
 u - a bread ration


   Skills:
 + Level 4.0 Fighting
 * Level 3.7 Axes
 + Level 4.1 Armour
 + Level 4.6 Shields


You had 4 spell levels left.
You didn't know any spells.

Dungeon Overview and Level Annotations

Branches:
Dungeon (4/15)
 Temple: D:4-7

Altars:


Innate Abilities, Weirdness & Mutations

You are under a permanent stasis effect.
You can dig through walls and to a lower floor.
Your four strong arms can wield two-handed weapons with a shield.
You have a pair of large antennae on your head (SInv).


Message History

You are more poisoned.
The worker ant poisons you! The adder closely misses you.
The orc closely misses you.
There is a stone staircase leading up, spattered with blood here.
* * * LOW HITPOINT WARNING * * *
You feel sick. The worker ant bites you.
* * * LOW HITPOINT WARNING * * *
You are more poisoned.
The worker ant poisons you! The adder barely misses you.
The orc wizard hits you but does no damage.
The orc hits you but does no damage.
You climb upwards.
* * * LOW HITPOINT WARNING * * *
You feel very sick.
There is a stone staircase leading down here.
* * * LOW HITPOINT WARNING * * *
You feel sick. You block the worker ant's attack. You block the orc's attack.
The worker ant bites you but does no damage.
The adder bites you.
You die...

#.......# #####..#.##..
#.......#### #.....##.##..
####.......## ##.##<.##..#..
#...###..####..##...##.#..
###......##.......#.##....
#............####.###..#
#........##### #.# ##.#
##....oSo...#####.####..
#....a@o##.........####
#....#..###....(...# #
#......## #........####
##.#...## #..÷.....##..
#.#....# #..†.....##..
#....#.###........##..
##...#..##........##..
##########...#..>.............
#.......##...#........###.####


You could see a worker ant, an orc wizard, an adder and 2 orcs.

Vanquished Creatures
  Terence (D:2)
  Robin (D:2)
  4 adders (D:2)
  4 adder zombies (D:2)
  3 dart slugs
  2 giant geckos
  An orc (D:4)
  2 giant cockroaches
  8 goblins
  7 hobgoblins
  6 jackals
  7 kobolds
  8 bats
  5 giant newts
  A jackal skeleton (D:2)
  5 rats
65 creatures vanquished.

Notes
Turn   | Place    | Note
--------------------------------------------------------------
     0 | D:1      | syage the Formicid Fighter began the quest for the Orb.
     0 | D:1      | Reached XP level 1. HP: 18/18 MP: 1/1
   274 | D:1      | Reached XP level 2. HP: 24/24 MP: 2/2
   547 | D:1      | Reached XP level 3. HP: 24/30 MP: 3/3
   688 | D:2      | Noticed Terence
   696 | D:2      | Killed Terence
   696 | D:2      | Reached XP level 4. HP: 29/37 MP: 4/4
  1028 | D:2      | Reached XP level 5. HP: 30/42 MP: 5/5
  1184 | D:2      | Noticed Robin
  1205 | D:2      | Killed Robin
  2052 | D:3      | HP: 1/42 [poisoned by a worker ant]
  2052 | D:3      | Slain by an adder

Vault maps used:
D:1:      matt_arrival_diagonals, corner_web_ring, st_stairs_4
D:2:      serial_undead, serial_undead_c, serial_undead_e, serial_undead_f,
          serial_undead_b, uniq_robin, uniq_terence
D:3:      first_bread
D:4:      gammafunk_temple_overflow_elements, minmay_gold_behind_fungi

Skill      XL: |  1  2  3  4  5 |
---------------+----------------+-----
Shields        | 4 |  4.6
Axes           | 3 |  3.7
Fighting       | 4 |  4.0
Armour         | 4 |  4.1

Action                   |  1- 3 |  4- 6 || total
-------------------------+-------+-------++-------
Melee: War axe           |    62 |   166 ||   228
  Eat: Bread ration      |       |     1 ||     1
       Chunk             |       |     1 ||     1
